 Dungeon Crawl Stone Soup version 0.19.5 (webtiles) character file.

91 Peloso the Covered (level 4, 0/40 HPs)
             Began as a Minotaur Fighter on Apr 17, 2017.
             Killed by divine providence
             ... invoked by an orc priest
              (16 damage)
             ... on level 3 of the Dungeon.
             The game lasted 00:03:47 (1269 turns).

Peloso the Covered (Minotaur Fighter)               Turns: 1269, Time: 00:03:48

Health: 0/40       AC:  7    Str: 20    XL:     4   Next: 34%
Magic:  3/3        EV:  7    Int:  5    God:
Gold:   76         SH:  9    Dex: 11    Spells: 0 memorised, 3 levels left

rFire  . . .     SeeInvis .     a - +0 long sword
rCold  . . .     Gourm    .     b - +0 scale mail
rNeg   . . .     Faith    .     c - +0 shield
rPois  .         Spirit   .     (helmet restricted)
rElec  .         Reflect  .     (no cloak)
rCorr  .         Harm     .     (no gloves)
MR     .....                    (no boots)
Stlth  ..........               (no amulet)
                                (no ring)
                                (no ring)

@: no status effects
A: retaliatory headbutt, horns 2
a: no special abilities


You were on level 3 of the Dungeon.
You were not hungry.

You visited 1 branch of the dungeon, and saw 3 of its levels.

You collected 76 gold pieces.

Inventory:

Hand Weapons
 a - a +0 long sword (weapon)
Armour
 b - a +0 scale mail (worn)
 c - a +0 shield (worn)
Jewellery
 g - a +5 ring of evasion {unknown}
 i - a cursed ring of teleportation {unknown}
Scrolls
 e - 5 scrolls of identify {unknown}
 h - 5 scrolls of remove curse {unknown}
 j - 2 scrolls of amnesia {unknown}
 l - a scroll of magic mapping {unknown}
 n - a scroll of teleportation {unknown}
 o - 2 scrolls of enchant armour {unknown}
 p - a scroll of fog {unknown}
Potions
 d - 2 potions of might
Comestibles
 f - 2 bread rations
 m - a beef jerky


   Skills:
 + Level 4.3 Fighting
 + Level 3.3 Long Blades
 + Level 4.5 Armour
 + Level 0.7 Dodging
 + Level 4.3 Shields


You had 3 spell levels left.
You didn't know any spells.

Dungeon Overview and Level Annotations

Branches:
Dungeon (3/15)

Altars:


Innate Abilities, Weirdness & Mutations

You reflexively headbutt those who attack you in melee.
You have a pair of horns on your head.


Message History

Where to? (Enter - D:12, ? - help)
There is a stone staircase leading down here.
You climb downwards.
An orc priest comes into view. It is wielding a club.
Found two stone staircases leading down and a stone staircase leading up.
There is a stone staircase leading up here.
An orc, 2 orc priests and an orc wizard come into view.
The orc shouts!
The orc priest shouts!
The orc priest mumbles some strange prayers to Beogh against you.
Beogh smites you!
Found 15 poisoned needles.
The orc priest mumbles some strange prayers to Beogh against you.
Beogh smites you!
There is a stone staircase leading down here.
The orc priest looks braver for a moment.
The orc wizard mumbles some strange words.
The orc wizard seems to speed up.
The orc priest mumbles some strange prayers to Beogh against you.
Beogh smites you!
You die...

#+### .o..#
#o#.# ##o#o# #
##<...#####
#.###..o.......
#.........#
.......@..#
.#.......##
........<#
.#...>...#
#.......#
#.......#
######.## #.(
#..


You could see 3 orc priests, an orc wizard and an orc.

Vanquished Creatures
  2 adders (D:2)
  3 worms (D:2)
  A dart slug (D:1)
  2 leopard geckos (D:1)
  9 bats
  6 giant cockroaches
  9 goblins
  5 hobgoblins
  4 jackals (D:2)
  9 kobolds
  A ball python (D:2)
  3 frilled lizards (D:2)
  5 rats
59 creatures vanquished.

Notes
Turn   | Place    | Note
-------+----------+-------------------------------------------
     0 | D:1      | Peloso the Minotaur Fighter began the quest for the Orb.
     0 | D:1      | Reached XP level 1. HP: 19/19 MP: 0/0
   164 | D:1      | Reached XP level 2. HP: 27/27 MP: 1/1
   361 | D:1      | Reached XP level 3. HP: 33/33 MP: 2/2
   980 | D:2      | Reached XP level 4. HP: 37/40 MP: 3/3
  1269 | D:3      | Killed from afar by an orc priest

Skill      XL: |  1  2  3 |
---------------+----------+-----
Armour         | 4 |  4.5
Fighting       | 4 |  4.3
Shields        | 4 |  4.3
Long Blades    | 3 |  3.3
Dodging        | |  0.7

Action                   |  1- 3 |  4- 6 || total
-------------------------+-------+-------++-------
Melee: Long sword        |    97 |    13 ||   110
       Headbutt          |    19 |     1 ||    20
  Eat: Chunk             |       |     1 ||     1
Armor: Scale mail        |    53 |     3 ||    56
Dodge: Dodged            |    36 |     3 ||    39
Block: Shield            |    66 |     8 ||    74
       Rpst.: Long sword |     9 |     2 ||    11
